 Dungeon Crawl Stone Soup version 0.20-b1-2-gc5a9893 (webtiles) character file.

6881 galech the Grappler (level 10, -2/92 HPs)
             Began as a Troll Monk on May 22, 2017.
             Was a High Priest of Okawaru.
             Slain by a two-headed ogre
             ... wielding a +0 giant spiked club
              (13 damage)
             ... on level 9 of the Dungeon.
             The game lasted 00:17:18 (6916 turns).

galech the Grappler (Troll Monk)                    Turns: 6916, Time: 00:17:18

Health: -2/92      AC:  6    Str: 30    XL:     10   Next: 79%
Magic:  9/9        EV: 12    Int:  6    God:    Okawaru [*****.]
Gold:   247        SH: 20    Dex: 15    Spells: 9/9 levels left

rFire    . . .     SeeInvis .     - Unarmed
rCold    . . .     Gourm    +   u - +9 shield "Railec" {rPois}
rNeg     . . .     Faith    .   F - +0 robe
rPois    +         Spirit   .   (helmet restricted)
rElec    .         Reflect  .   s - +0 cloak
rCorr    .         Harm     .   (gloves unavailable)
MR       .....                  (boots unavailable)
Stlth    ++........             (no amulet)
Regen    0.7/turn               D - +6 ring of strength
MPRegen  0.2/turn               m - +3 ring of dexterity

@: no status effects
A: unfitting armour, claws 3, fast metabolism 3, gourmand, regeneration 1,
shaggy fur 1, tough skin 2
a: Heroism, Finesse, Renounce Religion


You were on level 9 of the Dungeon.
You worshipped Okawaru.
Okawaru was extremely pleased with you.
You were very full.

You visited 2 branches of the dungeon, and saw 10 of its levels.
You also visited: Ossuary.

You collected 585 gold pieces.
You spent 338 gold pieces at shops.

Inventory:

Hand Weapons
 K - a +1 executioner's axe of chopping
 Q - the +5 scythe "Finisher" {speed, Str+3}
   (You found it on level 8 of the Dungeon)

   Attacks with this weapon are significantly faster.
   It affects your strength (+3).
Armour
 a - a +0 robe
 s - a +0 cloak (worn)
 u - the +9 shield "Railec" (worn) {rPois}
   (You found it on level 4 of the Dungeon)

   It protects you from poison.
 F - a +0 robe (worn)
Jewellery
 m - a +3 ring of dexterity (right claw)
 D - a +6 ring of strength (left claw)
 M - an uncursed ring of positive energy
 N - an uncursed ring of resist corrosion
 R - an uncursed ring of positive energy
Wands
 B - a wand of random effects (16/48)
 P - a wand of clouds (2/9)
Scrolls
 e - a scroll of amnesia
 g - 2 scrolls of random uselessness
 i - 3 scrolls of fog
 k - a scroll of brand weapon {unknown}
 y - 5 scrolls of identify
 z - a scroll of fear
 C - a scroll of enchant armour
 G - a scroll of recharging {unknown}
 H - 3 scrolls of magic mapping
 L - a scroll of noise
 O - a scroll of remove curse
 V - a scroll of summoning {unknown}
Potions
 d - 7 potions of heal wounds {unknown}
 h - a potion of magic {unknown}
 j - 2 potions of resistance {unknown}
 l - a potion of flight {unknown}
 o - 8 potions of degeneration
 q - 3 potions of agility {unknown}
 r - 3 potions of lignification {unknown}
 t - a potion of invisibility {unknown}
 x - 4 potions of curing {unknown}
 A - 3 potions of mutation {unknown}
 I - 6 potions of haste {unknown}
 J - a potion of berserk rage {unknown}
 T - 2 potions of brilliance {unknown}
Books
 v - a book of Frost

   Spells                             Type                      Level
   a - Freeze                         Ice                          1
   b - Throw Frost                    Conjuration/Ice              2
   c - Ozocubu's Armour               Charms/Ice                   3
   d - Throw Icicle                   Conjuration/Ice              4
   e - Summon Ice Beast               Ice/Summoning                4
 w - a book of Cantrips

   Spells                             Type                      Level
   a - Confusing Touch                Hexes                        1
   b - Animate Skeleton               Necromancy                   1
   c - Summon Small Mammal            Summoning                    1
   d - Apportation                    Translocation                1
 E - a book of Air

   Spells                             Type                      Level
   a - Shock                          Conjuration/Air              1
   b - Swiftness                      Charms/Air                   2
   c - Static Discharge               Conjuration/Air              3
   d - Airstrike                      Air                          4
   e - Lightning Bolt                 Conjuration/Air              5
 S - a book of Geomancy

   Spells                             Type                      Level
   a - Sandblast                      Earth                        1
   b - Passwall                       Transmutation/Earth          2
   c - Stone Arrow                    Conjuration/Earth            3
   d - Petrify                        Transmutation/Earth          4
   e - Lee's Rapid Deconstruction     Earth                        5
 U - a book of Flames

   Spells                             Type                      Level
   a - Flame Tongue                   Conjuration/Fire             1
   b - Throw Flame                    Conjuration/Fire             2
   c - Conjure Flame                  Conjuration/Fire             3
   d - Inner Flame                    Hexes/Fire                   3
   e - Sticky Flame                   Conjuration/Fire             4
   f - Fireball                       Conjuration/Fire             5
Comestibles
 b - 9 bread rations
 c - 5 royal jellies
 f - 12 fruits
 n - 3 meat rations
 p - 7 chunks of flesh


   Skills:
 + Level 3.9 Fighting
 + Level 5.6 Dodging
 + Level 3.4 Stealth
 + Level 6.9 Shields
 + Level 11.5 Unarmed Combat


You had 9 spell levels left.
You didn't know any spells.

Dungeon Overview and Level Annotations

Branches:
Dungeon (9/15)             Temple (1/1) D:5             Orc (0/2) D:9
   Lair: D:8-11

Altars:
Ashenzari
Cheibriados
Dithmenos
Elyvilon
Fedhas
Hepliaklqana
Kikubaaqudgha
Makhleb
Nemelex Xobeh
Okawaru
Qazlal
Ru
Sif Muna
Trog
Xom
Yredelemnul
Zin
The Shining One

Shops:
D:5 [   D:7 ?


Innate Abilities, Weirdness & Mutations

You are too large for most types of armour.
You have claws for hands.
Your metabolism is lightning-fast.
You like to eat raw meat.
Your natural rate of healing is unusually fast.
You are covered in fur. (AC +1)
You have very tough skin. (AC +2)


Message History

You block the killer bee's attack. You block the killer bee's attack.
You scratch the two-headed ogre but do no damage.
You scratch the two-headed ogre.
The two-headed ogre is lightly wounded.
The two-headed ogre hits you with a giant spiked club!
You block the two-headed ogre's attack.
You claw the two-headed ogre!
The two-headed ogre is moderately wounded.
You barely miss the two-headed ogre.
The two-headed ogre is moderately wounded.
The two-headed ogre hits you with a giant spiked club!!
* * * LOW HITPOINT WARNING * * *
The two-headed ogre closely misses you.
You barely miss the two-headed ogre.
The two-headed ogre is moderately wounded.
You claw the two-headed ogre!
The two-headed ogre is heavily wounded.
The two-headed ogre hits you with a giant spiked club!
You die...

#.###.#### #P.
#.####.........
#.<.<...##.####
#..###..##.####
#.. #.........
#..###.....####
#......####
###.......#
#@#####.#
..######O# #
..?....yy#
...#####.#
#†#####.#
#.......#
.....?.....####
..####.....#
#.#...#


You could see a two-headed ogre and 2 killer bees.

Vanquished Creatures
  A two-headed ogre (D:8)
  The ghost of nicetomeet the Carver, a novice FoAK of Lugonu (D:8)
  The ghost of lauthentik the Chopper, a novice HOFi of Beogh (D:5)
  A queen bee (D:9)
  Sigmund (D:2)
  5 yaks (D:9)
  4 wraiths (D:8)
  A sky beast (D:9)
  3 ogres
  An ice beast (D:7)
  3 orc warriors
  6 centaurs
  6 bullfrogs
  2 water moccasin zombies (Ossuary)
  10 killer bees (D:9)
  A scorpion (D:4)
  3 wights (D:7)
  3 howler monkeys
  2 crimson imps (D:5)
  A bullfrog zombie (D:8)
  A quasit (D:5)
  4 orc wizards
  6 orc priests
  3 hounds
  A jelly (D:8)
  2 centaur skeletons (D:6)
  A gnoll shaman (D:6)
  2 iguanas
  Natasha (twice) (D:2)
  2 worker ants (D:5)
  Terence (D:3)
  2 big kobold zombies (Ossuary)
  3 hound zombies
  A hound skeleton (D:6)
  Robin (D:3)
  2 mummies (Ossuary)
  4 gnolls (D:7)
  A howler monkey skeleton (D:8)
  15 adders
  3 shadow imps
  An adder skeleton (D:4)
  5 adder zombies (Ossuary)
  3 worms
  3 dart slugs
  5 leopard geckos
  24 orcs
  2 ball pythons
  4 bats
  7 giant cockroaches
  5 gnoll zombies (Ossuary)
  20 goblins
  7 hobgoblins
  5 jackals (D:8)
  4 quokkas
  4 frilled lizards
  6 hobgoblin zombies (Ossuary)
  7 kobolds
  3 kobold zombies (Ossuary)
  5 orc zombies (Ossuary)
  2 rats
235 creatures vanquished.

Vanquished Creatures (others)
  A human (D:6)
  An orc wizard (D:5)
  8 plants (D:9)
10 creatures vanquished.

Grand Total: 245 creatures vanquished

Notes
Turn   | Place    | Note
-------+----------+-------------------------------------------
     0 | D:1      | galech the Troll Monk began the quest for the Orb.
     0 | D:1      | Reached XP level 1. HP: 22/22 MP: 0/0
   151 | D:1      | Reached XP level 2. HP: 29/29 MP: 1/1
   960 | D:2      | Reached XP level 3. HP: 35/36 MP: 2/2
   982 | D:2      | Found a bloodstained altar of Trog.
   986 | D:2      | Noticed Sigmund
  1005 | D:2      | Killed Sigmund
  1005 | D:2      | Reached skill level 4 in Unarmed Combat
  1005 | D:2      | Reached XP level 4. HP: 3/45 MP: 3/3
  1005 | D:2      | Reached XP level 5. HP: 3/53 MP: 4/4
  1357 | D:2      | Found a glowing golden altar of the Shining One.
  1438 | D:2      | Found a deep blue altar of Sif Muna.
  1475 | D:2      | Found a deep blue altar of Sif Muna.
  1491 | D:2      | Noticed Natasha
  1498 | D:2      | Killed Natasha
  1549 | D:2      | Noticed Natasha
  1561 | D:2      | Killed Natasha
  1561 | D:2      | Reached skill level 5 in Unarmed Combat
  1561 | D:2      | Reached XP level 6. HP: 52/61 MP: 5/5
  1835 | D:3      | Noticed Robin
  1910 | D:3      | Killed Robin
  2008 | D:3      | Found a shimmering altar of Xom.
  2031 | D:3      | Noticed Terence
  2034 | D:3      | Killed Terence
  2459 | D:4      | Got a brightly glowing shield
  2475 | D:4      | Identified the +9 shield "Railec" {rPois} (You found it on level 4 of the Dungeon)
  2486 | D:4      | Reached XP level 7. HP: 56/67 MP: 6/6
  2744 | D:4      | Reached skill level 6 in Unarmed Combat
  2829 | D:4      | Found a stormy altar of Qazlal.
  3211 | D:4      | Found a basalt altar of Yredelemnul.
  3269 | D:5      | Entered Level 5 of the Dungeon
  3319 | D:5      | Reached skill level 1 in Shields
  3388 | D:5      | Noticed lauthentik's ghost (novice HOFi)
  3410 | D:5      | Killed lauthentik's ghost
  3410 | D:5      | Reached skill level 7 in Unarmed Combat
  3410 | D:5      | Reached XP level 8. HP: 75/75 MP: 7/7
  3474 | D:5      | Found a staircase to the Ecumenical Temple.
  3824 | D:5      | Found a sand-covered staircase.
  3830 | D:5      | Found Fenlanla's Antique Armour Boutique.
  3832 | Ossuary  | Entered an ossuary
  3973 | Ossuary  | Reached skill level 8 in Unarmed Combat
  4049 | D:5      | Bought a glowing robe for 99 gold pieces
  4317 | Temple   | Entered the Ecumenical Temple
  4326 | Temple   | Became a worshipper of Warmaster Okawaru
  4326 | Temple   | Reached * piety under Okawaru
  4326 | Temple   | Reached ** piety under Okawaru
  4656 | D:6      | Reached XP level 9. HP: 83/83 MP: 8/8
  4820 | D:6      | Found an ancient bone altar of Kikubaaqudgha.
  5008 | D:7      | Reached skill level 9 in Unarmed Combat
  5052 | D:7      | Found Lunaenn's Magic Scroll Shop.
  5069 | D:7      | Bought a scroll of magic mapping for 52 gold pieces
  5069 | D:7      | Bought a scroll of identify for 30 gold pieces
  5069 | D:7      | Bought a scroll of remove curse for 45 gold pieces
  5069 | D:7      | Bought a scroll of identify for 30 gold pieces
  5069 | D:7      | Bought a scroll of magic mapping for 52 gold pieces
  5069 | D:7      | Bought a scroll of identify for 30 gold pieces
  5157 | D:7      | Reached *** piety under Okawaru
  5392 | D:8      | Found a shattered altar of Ashenzari.
  5566 | D:8      | Noticed a two-headed ogre
  5578 | D:8      | Killed a two-headed ogre
  5578 | D:8      | Reached **** piety under Okawaru
  5578 | D:8      | Reached skill level 5 in Shields
  5578 | D:8      | Reached skill level 10 in Unarmed Combat
  5640 | D:8      | Reached skill level 5 in Dodging
  5640 | D:8      | Reached XP level 10. HP: 82/92 MP: 9/9
  6044 | D:8      | Noticed nicetomeet's ghost (novice FoAK)
  6054 | D:8      | Killed nicetomeet's ghost
  6054 | D:8      | Reached ***** piety under Okawaru
  6563 | D:9      | Reached skill level 11 in Unarmed Combat
  6616 | D:9      | Found a staircase to the Orcish Mines.
  6816 | D:9      | Received a gift from Okawaru
  6895 | D:9      | Noticed a two-headed ogre
  6916 | D:9      | Slain by a two-headed ogre

Skill      XL: |  1  2  3  4  5  6  7  8  9 10 |
---------------+-------------------------------+-----
Fighting       | 3 |  3.9
Dodging        | 3 4 5 |  5.6
Unarmed Combat | 4 5 7 8 10 11 | 11.5
Stealth        | 2 3 |  3.4
Shields        | 2 3 5 6 |  6.9

Action                   |  1- 3 |  4- 6 |  7- 9 | 10-12 || total
-------------------------+-------+-------+-------+-------++-------
Melee: Unarmed           |    61 |   140 |   386 |   156 ||   743
       Punch             |       |     3 |       |       ||     3
  Use: Scroll            |       |       |    11 |     3 ||    14
 Stab: Sleeping          |     1 |     4 |    10 |       ||    15
       Distracted        |       |       |     1 |       ||     1
  Eat: Chunk             |     5 |    23 |    30 |    11 ||    69
Armor: Robe              |    12 |    37 |    51 |    11 ||   111
Dodge: Dodged            |    22 |    69 |    81 |    27 ||   199
Block: Shield            |       |     4 |   334 |   129 ||   467
